 Dungeon Crawl Stone Soup version 0.28-a0-1182-g381e24db82 (webtiles) character file.

Game seed: 6024555092269672055

1229 Froggeryz the Ogre Mage (level 8, -4/67 HPs)
             Began as an Ogre Fire Elementalist on Dec 17, 2021.
             Was an Initiate of Vehumet.
             Slain by an ogre (25 damage)
             ... on level 6 of the Dungeon.
             The game lasted 00:10:02 (6982 turns).

Froggeryz the Ogre Mage (Ogre Fire Elementalist)    Turns: 6982, Time: 00:10:03

Health: -4/67      AC:  3    Str: 13    XL:     8   Next: 48%
Magic:  15/17      EV: 10    Int: 18    God:    Vehumet [......]
Gold:   326        SH:  0    Dex: 15    Spells: 18/19 levels left

rFire   . . .      SeeInvis +   e - +2 dagger (protect)
rCold   . . .      Faith    .   (no shield)
rNeg    . . .      Spirit   .   a - +0 robe
rPois   .          Reflect  .   (helmet restricted)
rElec   .          Harm     .   (no cloak)
rCorr   .          Rampage  .   (gloves unavailable)
Will    .....                   (boots unavailable)
Stlth   ++........              (no amulet)
HPRegen 0.21/turn               c - ring of see invisible
MPRegen 0.15/turn               g - +6 ring of dexterity

@: no status effects
A: large, unfitting armour, tough skin 1
a: Renounce Religion


You were on level 6 of the Dungeon.
You worshipped Vehumet.
Vehumet was noncommittal.
You visited 2 branches of the dungeon, and saw 7 of its levels.

You collected 326 gold pieces.

Inventory:

Hand Weapons
 e - a +2 dagger of protection (weapon)
Armour
 a - a +0 robe (worn)
Jewellery
 c - a ring of see invisible (left hand)
 f - a ring of flight
 g - a +6 ring of dexterity (right hand)
Wands
 r - a wand of flame (27)
Scrolls
 i - a scroll of brand weapon
 j - a scroll of blinking
 k - 2 scrolls of identify
 l - a scroll of immolation
 n - 2 scrolls of teleportation
 o - a scroll of magic mapping
 s - a scroll of noise {unknown}
Potions
 b - 2 potions of mutation {unknown}
 d - a potion of brilliance {unknown}
 h - a potion of heal wounds
 m - a potion of magic {unknown}
 p - 2 potions of curing {unknown}
 q - 2 potions of haste {unknown}
 t - a potion of cancellation {unknown}


   Skills:
 - Level 1.7 Dodging
 - Level 1.4 Stealth
 + Level 6.4 Spellcasting
 + Level 5.3 Conjurations
 + Level 6.0 Fire Magic


You had 18 spell levels left.
You knew the following spells:

 Your Spells              Type           Power      Damage    Failure   Level
a - Foxfire               Conj/Fire      100%       2x1d9     1%          1

Your spell library contained the following spells:

 Spells                   Type           Power      Damage    Failure   Level
 Scorch                   Fire           54%        2d7       1%          2
 Conjure Flame            Conj/Fire      26%        6-21      3%          3
 Inner Flame              Hex/Fire       16%        N/A       10%         3
 Flame Wave               Conj/Fire      26%        2d6       11%         4
 Portal Projectile        Hex/Tloc       10%        N/A       34%         3
 Blade Hands              Tmut           2%         N/A       97%         5
 Excruciating Wounds      Necr           2%         N/A       97%         5


Dungeon Overview and Level Annotations

Branches:
Dungeon (6/15)             Temple (1/1) D:5

Altars:
Ashenzari
Cheibriados
Dithmenos
Elyvilon
Hepliaklqana
Kikubaaqudgha
Makhleb
Nemelex Xobeh
Okawaru
Qazlal
Ru
Trog
Uskayaw
Vehumet
Wu Jian
Xom
Yredelemnul
Zin

Shops:
D:3 [

Annotations:
D:3 1 runed translucent door, ChaosChampion's ghost, amateur OpTm
D:5 2 transporters, Troll's ghost, novice FoFi


Innate Abilities, Weirdness & Mutations

You are too large for most types of armour.
You have tough skin. (AC +1)


Message History

You conjure some foxfire!
The ogre hits you with a +0 giant club!!
Your foxfire dissipates!
You see here 23 poisoned darts.
Casting: Foxfire (safe; 1% risk of failure)
Confirm with . or Enter, or press ? or * to list all spells.
You conjure some foxfire!
The ogre misses you.
Casting: Foxfire (safe; 1% risk of failure)
Confirm with . or Enter, or press ? or * to list all spells.
You conjure some foxfire!
The ogre hits you with a +0 giant club!
Casting: Foxfire (safe; 1% risk of failure)
Confirm with . or Enter, or press ? or * to list all spells.
You conjure some foxfire!
The foxfire hits the gnoll but does no damage.
The gnoll is moderately wounded.
The foxfire hits the ogre.
The ogre is heavily wounded.
The foxfire hits the ogre!
The ogre is almost dead.
The foxfire hits the ogre.
The ogre is almost dead.
You hit the ogre.
Your weapon exudes an aura of protection.
The ogre is almost dead.
The foxfire hits the gnoll.
The gnoll is severely wounded.
The foxfire hits the gnoll!
You kill the gnoll!
Vehumet accepts your kill.
The ogre hits you with a +0 giant club!!
* * * LOW HITPOINT WARNING * * *
Your Fire Magic skill increases to level 6!
The gnoll misses you.
There is an open door here.
You feel much better. The ogre hits you with a +0 giant club!
Casting: Foxfire (safe; 1% risk of failure)
Confirm with . or Enter, or press ? or * to list all spells.
You conjure some foxfire!
The ogre hits you with a +0 giant club!!
You die...

#.....#
#.....#
#.....#
#.....#
#.....#
#.....#
###'#####
#..vv...#
.
#..@....#
#..O....#
###g#####
#.# #.#
#.# #.#
#.# ####
#.#


You could see an ogre (ally target) and a gnoll.

Vanquished Creatures
  A wyvern (D:4)
  An orc warrior (D:5)
  2 ogres (D:4)
  A centaur (D:5)
  A gnoll sergeant (D:6)
  2 scorpions (D:5)
  A water moccasin skeleton (D:4)
  A jelly (D:5)
  A bullfrog zombie (D:5)
  A hound (D:3)
  4 orc priests
  2 iguanas
  3 orc wizards
  A howler monkey zombie (D:5)
  An adder (D:5)
  6 gnolls
  A shadow imp (D:3)
  2 ufetubi
  An adder skeleton (D:4)
  A worm (D:2)
  A dart slug (D:1)
  12 orcs
  4 ball pythons
  6 bats
  7 endoplasms
  2 giant cockroaches (D:1)
  5 hobgoblins
  3 jackals (D:4)
  7 kobolds
  4 quokkas
  3 frilled lizards
  6 goblins
  6 rats (D:1)
100 creatures vanquished.

Vanquished Creatures (collateral kills)
  A foxfire (D:1)
1 creature vanquished.

Vanquished Creatures (others)
  375 foxfires
  9 plants
384 creatures vanquished.

Grand Total: 485 creatures vanquished

Notes
Turn   | Place    | Note
-------+----------+-------------------------------------------
     0 | D:1      | Froggeryz the Ogre Fire Elementalist began the quest for
                  | the Orb.
     0 | D:1      | Reached XP level 1. HP: 16/16 MP: 3/3
    15 | D:1      | Reached skill level 1 in Conjurations
   232 | D:1      | Reached XP level 2. HP: 24/24 MP: 0/5
   622 | D:1      | Reached XP level 3. HP: 31/31 MP: 4/6
  1694 | D:2      | Reached XP level 4. HP: 39/39 MP: 6/8
  2028 | D:3      | Found a snail-covered altar of Cheibriados.
  2137 | D:3      | Found a runed translucent door.
  2138 | D:3      | Noticed a scorpion
  2138 | D:3      | Noticed ChaosChampion's ghost (amateur OpTm)
  2160 | D:3      | Found Reizol's Armour Shop.
  2377 | D:3      | Found a hide-covered altar of Uskayaw.
  2956 | D:3      | Reached XP level 5. HP: 33/45 MP: 5/9
  3395 | D:4      | Noticed an ogre
  3743 | D:4      | Reached XP level 6. HP: 48/53 MP: 6/12
  4388 | D:4      | Found a sparkling altar of Nemelex Xobeh.
  4618 | D:4      | Found a shadowy altar of Dithmenos.
  4679 | D:4      | Reached XP level 7. HP: 59/59 MP: 6/14
  5164 | D:5      | Entered Level 5 of the Dungeon
  5165 | D:5      | Noticed a wyvern
  5173 | D:4      | Killed a wyvern
  5174 | D:4      | Reached skill level 5 in Spellcasting
  5174 | D:4      | Reached skill level 5 in Fire Magic
  5300 | D:5      | Found a transporter.
  5304 | D:5      | Found a transporter.
  5323 | D:5      | Noticed Troll's ghost (novice FoFi)
  5561 | D:5      | Found a staircase to the Ecumenical Temple.
  5755 | Temple   | Entered the Ecumenical Temple
  5842 | D:5      | Found a radiant altar of Vehumet.
  5880 | D:5      | Became a worshipper of Vehumet
  5898 | D:5      | Found a basalt altar of Yredelemnul.
  5958 | D:5      | Reached XP level 8. HP: 67/67 MP: 13/16
  6239 | D:5      | Reached skill level 5 in Conjurations
  6982 | D:6      | Slain by an ogre

Illustrated notes

Levels and vault maps discovered:
D:1:      eino_arrival_water_cross, layout_loops_ring
D:2:      layout_loops_ring, minmay_misc_feat_alley
D:3:      layout_basic, mainiacjoe_overflow_small_starburst,
          lemuel_crystal_altar, ebering_ghost_inner_flame, serial_shops, shop,
          chequers_serial_rivers_large_a, guppyfry_early_lair_pool
D:4:      layout_basic, nemelex_diamond_rough_becter, amcnicky_altar_gilded
D:5:      layout_rooms, mainiacjoe_overflow_six_doors_small,
          nicolae_vehumet_radiance, minmay_temple_entry_glassed_door,
          gammafunk_ghost_hive
D:6:      layout_basic, tso_metal_star
Temple:   nicolae_temple_x_marks_the_god

Skill      XL: |  1  2  3  4  5  6  7  8 |
---------------+-------------------------+-----
Conjurations   | 1 2 3 4 5 |  5.3
Fire Magic     | 3 4 5 6 |  6.0
Spellcasting   | 3 4 5 6 |  6.4
Dodging        | |  1.7
Stealth        | |  1.4

Action                   |  1- 3 |  4- 6 |  7- 9 || total
-------------------------+-------+-------+-------++-------
Melee: Unarmed           |    51 |       |       ||    51
       Dagger            |    29 |    23 |    18 ||    70
 Cast: Foxfire           |    39 |    88 |   100 ||   227
  Use: Scroll            |       |       |     5 ||     5
       Potion            |       |       |     1 ||     1
 Stab: Sleeping          |     1 |       |       ||     1
Armor: Robe              |    22 |    22 |    24 ||    68
Dodge: Dodged            |    40 |    29 |    40 ||   109

Table legend: (Time is in decaauts)
 A = Elapsed time spent in this place.
 B = Non-inter-level travel time spent in this place.
 C = Inter-level travel time spent in this place.
 D = Time resting spent in this place.
 E = Time spent auto-exploring this place.
 F = Levels seen in this place.
 G = Mean time per level.
                   A        B        C        D        E       F      G
               +--------+--------+--------+--------+--------+-----+--------+
         Total |   7010 |   6700 |    310 |   1423 |   4196 |   7 | 1001.4 |
       Dungeon |   6954 |   6650 |    304 |   1423 |   4152 |   6 | 1159.0 |
        Temple |     55 |     49 |      6 |      0 |     44 |   1 |   55.0 |
               +--------+--------+--------+--------+--------+-----+--------+

Top non-repeatable levels by time:
     D:3: 1976 daAuts
     D:5: 1413 daAuts
     D:4: 1330 daAuts
     D:1: 1241 daAuts
     D:2: 691 daAuts
     D:6: 300 daAuts
  Temple: 55 daAuts
